 Dungeon Crawl Stone Soup version 0.26-a0-6-g448add79b7 (webtiles) character file.

Game seed: 5573622766615296865, levelgen mode: deterministic

1096 Chiseanne the Fighter (level 8, -3/111 HPs)
             Began as a Gnoll Wanderer on May 24, 2020.
             Was a Priest of Okawaru.
             Slain by an orc warrior
             ... wielding a +0 morningstar
              (13 damage)
             ... on level 7 of the Dungeon.
             The game lasted 00:16:02 (2205 turns).

Chiseanne the Fighter (Gnoll Wanderer)              Turns: 2205, Time: 00:16:02

Health: -3/111     AC: 24    Str: 14    XL:     8   Next: 31%
Magic:  12/12      EV:  2    Int: 12    God:    Okawaru [***...]
Gold:   167        SH:  0    Dex: 20    Spells: 13/13 levels left

rFire    . . .     SeeInvis .   a - +3 dagger (venom)
rCold    . . .     Gourm    .   (no shield)
rNeg     + + +     Faith    .   (armour currently unavailable)
rPois    +         Spirit   .   (helmet currently unavailable)
rElec    .         Reflect  .   (cloak currently unavailable)
rCorr    .         Harm     .   (gloves currently unavailable)
MR       .....     NoTele   +   (boots currently unavailable)
Stlth    +++.......             (no amulet)
HPRegen  0.28/turn              (no ring)
MPRegen  0.13/turn              (no ring)

@: brilliant, lethally poisoned (-3 -> -5), tree-form, stab, very slightly
contaminated, invisible
A: distributed training, strong nose
a: Heroism, Renounce Religion


You were on level 7 of the Dungeon.
You worshipped Okawaru.
Okawaru was most pleased with you.
You were not hungry.
You were a tree.
You visited 1 branch of the dungeon, and saw 7 of its levels.

You collected 167 gold pieces.

Inventory:

Hand Weapons
 a - a +3 dagger of venom (weapon)
 e - a +1 antimagic whip
 s - a +3 flail of holy wrath
 w - a +3 hand crossbow
Missiles
 b - 38 bolts
 c - 52 arrows
 j - 13 poisoned darts (quivered)
 o - 24 sling bullets
 B - 3 curare-tipped darts
Armour
 k - a +1 leather armour of poison resistance
 l - a +0 helmet (melded)
 m - a cursed +1 ring mail (melded)
 q - a +1 robe of magic resistance
 u - a +0 cloak (melded)
 z - a +0 crystal plate armour
Jewellery
 y - a cursed -4 ring of strength {unknown}
 A - an uncursed ring of ice {unknown}
Wands
 n - a wand of acid (6)
 v - a wand of iceblast (2)
Scrolls
 h - a scroll of fear
 C - a scroll of remove curse {unknown}
Potions
 i - a potion of brilliance
 p - a potion of mutation
 t - a potion of flight
Comestibles
 f - 11 rations
 g - 6 chunks of flesh


   Skills:
 + Level 10.8 Fighting
 + Level 3.1 Short Blades
 + Level 4.1 Long Blades
 + Level 3.1 Axes
 + Level 3.1 Maces & Flails
 + Level 3.1 Polearms
 + Level 3.1 Staves
 + Level 3.1 Slings
 + Level 3.1 Bows
 + Level 5.6 Crossbows
 + Level 4.1 Throwing
 + Level 3.1 Armour
 + Level 3.1 Dodging
 + Level 3.1 Stealth
 + Level 4.1 Shields
 + Level 3.1 Unarmed Combat
 + Level 3.1 Spellcasting
 + Level 2.5 Conjurations
 + Level 2.5 Hexes
 + Level 2.5 Charms
 + Level 2.5 Summonings
 + Level 2.5 Necromancy
 + Level 2.5 Translocations
 + Level 2.5 Transmutations
 + Level 2.5 Fire Magic
 + Level 2.5 Ice Magic
 + Level 2.5 Air Magic
 + Level 2.5 Earth Magic
 + Level 2.5 Poison Magic
 + Level 3.4 Invocations
 + Level 3.1 Evocations


You had 13 spell levels left.
You didn't know any spells.
Your spell library was empty.

Dungeon Overview and Level Annotations

Branches:
Dungeon (7/15)             Temple (0/1) D:6

Altars:
Okawaru

Annotations:
D:6 Menkaure


Innate Abilities, Weirdness & Mutations

Your experience applies equally to all skills.
((You have very sharp teeth.))
Your uncanny sense of smell can sniff out nearby items.


Message History

It was a potion of flight.
Your roots keep you in place.
You feel sick. The adder bites you but does no damage.
The bullfrog hits you but does no damage.
The orc warrior hits you with a +0 morningstar.
* * * LOW HITPOINT WARNING * * *
The shadow imp hits you but does no damage.
The adder completely misses you. The adder barely misses you.
The orc throws a boomerang.
The boomerang hits the shadow imp.
The weapon returns to the orc!
The phantom completely misses you. The orc hits you but does no damage.
The adder bites you but does no damage. The bullfrog barely misses you.
It was a potion of stabbing.
You feel ready to backstab. The adder bites you but does no damage.
The adder completely misses you.
The shadow imp hits you but does no damage.
The orc throws a boomerang.
The boomerang closely misses the shadow imp.
The boomerang completely misses you.
The weapon returns to the orc!
The orc warrior hits you with a +0 morningstar!
You die...

.....∆ Z...
..#..... .... .
..#. ... ... .#
#..%.#..###.# ...
#....#.....##....
#................
#......#o.)......
#.....W5F<.......
......S♣So.......
......oSo........
.......ZZ........
.................
.................
....##...#.......
.... #...##.....#
... ....# #.[.


You could see a phantom, an orc warrior, a bullfrog, an orc priest (poisoned), 3
adders, a shadow imp, 2 orcs, a leopard gecko skeleton and a hound skeleton.

Vanquished Creatures
  Eustachio (D:5)
  A sky beast (D:3)
  An ogre (D:3)
  2 phantoms
  A scorpion (D:7)
  A howler monkey (D:5)
  A bullfrog skeleton (D:6)
  2 hounds
  An orc priest (D:4)
  Jessica (D:3)
  2 iguanas (D:4)
  Ijyb (D:4)
  4 orc wizards
  A worker ant (D:6)
  Robin (D:3)
  3 gnolls
  2 adders
  An ooze (D:1)
  A worm (D:2)
  2 dart slugs
  A leopard gecko (D:1)
  17 orcs
  2 bats (D:1)
  2 giant cockroaches
  10 goblins
  13 hobgoblins
  A ball python (D:2)
  4 frilled lizards
  A leopard gecko skeleton (D:4)
  A quokka skeleton (D:4)
  5 rats
87 creatures vanquished.

Notes
Turn   | Place    | Note
-------+----------+-------------------------------------------
     0 | D:1      | Reached skill level 10 in Fighting
     0 | D:1      | Chiseanne the Gnoll Wanderer began the quest for the Orb.
     0 | D:1      | Chiseanne set off with the following items: a +2 hand
                  | crossbow, 26 bolts, a +0 ring mail, a potion of
                  | lignification, a ration
     0 | D:1      | Reached XP level 1. HP: 28/28 MP: 1/1
    93 | D:1      | Reached XP level 2. HP: 36/36 MP: 2/2
   138 | D:1      | Found an iron altar of Okawaru.
   210 | D:1      | Became a worshipper of Warmaster Okawaru
   345 | D:2      | Reached XP level 3. HP: 40/42 MP: 3/3
   454 | D:3      | Noticed Robin
   458 | D:3      | Killed Robin
   458 | D:3      | Reached skill level 1 in Invocations
   475 | D:3      | Reached skill level 1 in Short Blades
   475 | D:3      | Reached skill level 1 in Axes
   475 | D:3      | Reached skill level 1 in Maces & Flails
   475 | D:3      | Reached skill level 1 in Polearms
   475 | D:3      | Reached skill level 1 in Staves
   475 | D:3      | Reached skill level 1 in Slings
   475 | D:3      | Reached skill level 1 in Bows
   475 | D:3      | Reached skill level 1 in Armour
   475 | D:3      | Reached skill level 1 in Dodging
   475 | D:3      | Reached skill level 1 in Stealth
   475 | D:3      | Reached skill level 1 in Unarmed Combat
   475 | D:3      | Reached skill level 1 in Spellcasting
   475 | D:3      | Reached skill level 1 in Evocations
   493 | D:3      | Noticed Jessica
   497 | D:3      | Killed Jessica
   497 | D:3      | Reached XP level 4. HP: 43/48 MP: 5/5
   639 | D:4      | Noticed a sky beast
   674 | D:3      | Killed a sky beast
   674 | D:3      | Reached * piety under Okawaru
   674 | D:3      | Reached skill level 1 in Conjurations
   674 | D:3      | Reached skill level 1 in Hexes
   674 | D:3      | Reached skill level 1 in Charms
   674 | D:3      | Reached skill level 1 in Summonings
   674 | D:3      | Reached skill level 1 in Necromancy
   674 | D:3      | Reached skill level 1 in Translocations
   674 | D:3      | Reached skill level 1 in Transmutations
   674 | D:3      | Reached skill level 1 in Fire Magic
   674 | D:3      | Reached skill level 1 in Ice Magic
   674 | D:3      | Reached skill level 1 in Air Magic
   674 | D:3      | Reached skill level 1 in Earth Magic
   674 | D:3      | Reached skill level 1 in Poison Magic
   674 | D:3      | Reached XP level 5. HP: 52/54 MP: 5/7
  1040 | D:4      | Reached XP level 6. HP: 61/61 MP: 8/8
  1084 | D:4      | Noticed Ijyb
  1105 | D:4      | Killed Ijyb
  1152 | D:4      | Noticed a phantom
  1159 | D:3      | Reached ** piety under Okawaru
  1159 | D:3      | Reached skill level 5 in Crossbows
  1350 | D:3      | Killed a phantom
  1350 | D:3      | Reached XP level 7. HP: 61/67 MP: 10/10
  1661 | D:5      | Entered Level 5 of the Dungeon
  1836 | D:5      | Noticed Eustachio
  1839 | D:5      | Killed Eustachio
  1839 | D:5      | Reached XP level 8. HP: 74/74 MP: 10/12
  2099 | D:6      | Found a staircase to the Ecumenical Temple.
  2136 | D:6      | Reached *** piety under Okawaru
  2177 | D:6      | Noticed Menkaure
  2205 | D:7      | Slain by an orc warrior

Illustrated notes

Levels and vault maps discovered:
D:1:      minmay_arrival_three_doors, layout_basic, okawaru_ov_weapons_minmay
D:2:      layout_basic, kennysheep_generic_room_13
D:3:      layout_loops_cross, first_ration, uniq_jessica, uniq_robin
D:4:      layout_cave_pools, uniq_ijyb
D:5:      layout_layer_cave, bh_walls_and_bars, uniq_eustachio, uniq_duvessa
D:6:      cheibrodos_two_vegetables, layout_basic,
          chequers_temple_overflow_statue_of_worship,
          minmay_temple_entry_crystal_x, uniq_menkaure
D:7:      layout_cave_pools, serial_rivers, chequers_serial_rivers_micro_a,
          chequers_serial_rivers_micro_e, chequers_serial_rivers_micro_b,
          chequers_serial_rivers_small_3, chequers_serial_rivers_micro_b,
          uniq_crazy_yiuf_cottage

Skill      XL: |  1  2  3  4  5  6  7  8 |
---------------+-------------------------+-----
Fighting       | | 10.8
Invocations    | 1 2 3 |  3.4
Short Blades   | 1 2 3 |  3.1
Axes           | 1 2 3 |  3.1
Maces & Flails | 1 2 3 |  3.1
Polearms       | 1 2 3 |  3.1
Staves         | 1 2 3 |  3.1
Slings         | 1 2 3 |  3.1
Bows           | 1 2 3 |  3.1
Armour         | 1 2 3 |  3.1
Dodging        | 1 2 3 |  3.1
Stealth        | 1 2 3 |  3.1
Unarmed Combat | 1 2 3 |  3.1
Spellcasting   | 1 2 3 |  3.1
Evocations     | 1 2 3 |  3.1
Long Blades    | 3 4 |  4.1
Throwing       | 3 4 |  4.1
Shields        | 3 4 |  4.1
Conjurations   | 1 2 |  2.5
Hexes          | 1 2 |  2.5
Charms         | 1 2 |  2.5
Summonings     | 1 2 |  2.5
Necromancy     | 1 2 |  2.5
Translocations | 1 2 |  2.5
Transmutations | 1 2 |  2.5
Fire Magic     | 1 2 |  2.5
Ice Magic      | 1 2 |  2.5
Air Magic      | 1 2 |  2.5
Earth Magic    | 1 2 |  2.5
Poison Magic   | 1 2 |  2.5
Crossbows      | 5 |  5.6

Action                   |  1- 3 |  4- 6 |  7- 9 || total
-------------------------+-------+-------+-------++-------
Melee: Dagger            |    30 |    71 |    91 ||   192
       Bite              |     6 |    10 |    20 ||    36
       Flail             |       |     1 |    17 ||    18
       Punch             |       |       |     4 ||     4
 Fire: Hand crossbow     |    43 |     4 |       ||    47
Throw: Dart              |       |     7 |    20 ||    27
Evoke: Wand              |       |     3 |     3 ||     6
  Use: Scroll            |     6 |     2 |     4 ||    12
       Potion            |       |       |     5 ||     5
 Stab: Sleeping          |       |       |     2 ||     2
  Eat: Chunk             |       |     1 |     3 ||     4
Armor: Ring mail         |     7 |    23 |    50 ||    80
       Skin              |       |       |    37 ||    37
Dodge: Dodged            |    21 |    40 |    92 ||   153

Table legend:
 A = Non-vault XP
 B = Vault XP
 C = Vault XP percentage of total XP
 D = Non-vault monster count
 E = Vault monster count
 F = Vault count percentage of total count
                 A         B        C        D         E       F
            +---------+---------+-------+---------+---------+-------
      Total |    1256 |     310 |  19.8 |      73 |      14 |  16.1
            +---------+---------+-------+---------+---------+-------
        D:1 |      30 |       0 |   0.0 |      14 |       0 |   0.0
        D:2 |      17 |       0 |   0.0 |       8 |       0 |   0.0
        D:3 |     516 |      72 |  12.2 |      21 |      12 |  36.4
        D:4 |     310 |      36 |  10.4 |      20 |       1 |   4.8
        D:5 |      64 |     202 |  75.9 |       2 |       1 |  33.3
        D:6 |     249 |       0 |   0.0 |       6 |       0 |   0.0
        D:7 |      70 |       0 |   0.0 |       2 |       0 |   0.0
            +---------+---------+-------+---------+---------+-------
